 Dungeon Crawl Stone Soup version 0.22.1-1-ga44c0e5 (webtiles) character file.

46 Velaskes the Insei (level 3, 0/23 HPs)
             Began as an Octopode Transmuter on Nov 1, 2018.
             Killed from afar by Natasha (7 damage)
             ... with a magic dart
             ... on level 2 of the Dungeon.
             The game lasted 00:06:55 (1635 turns).

Velaskes the Insei (Octopode Transmuter)            Turns: 1635, Time: 00:06:59

Health: 0/23       AC:  1    Str:  9    XL:     3   Next: 66%
Magic:  6/6        EV: 13    Int: 16    God:
Gold:   90         SH:  0    Dex: 12    Spells: 5/6 levels left

rFire    . . .     SeeInvis .   d - +0 dagger
rCold    . . .     Gourm    .   (no shield)
rNeg     . . .     Faith    .   (helmet restricted)
rPois    .         Spirit   .   (no amulet)
rElec    .         Reflect  .   (no ring)
rCorr    .         Harm     .   (no ring)
MR       .....                  (no ring)
Stlth    +++.......             (no ring)
HPRegen  0.07/turn              (no ring)
MPRegen  0.10/turn              (no ring)
                                (no ring)
                                (no ring)

@: appendage (expiring)
A: almost no armour, stealthy swim, amphibious, 8 rings, constrict 8, tentacle
spike 3, camouflage 1, gelatinous body 1
a: End Transformation


You were on level 2 of the Dungeon.
You were not hungry.
One of your tentacles had a temporary spike.
You visited 1 branch of the dungeon, and saw 2 of its levels.

You collected 90 gold pieces.

Inventory:

Hand Weapons
 d - a +0 dagger (weapon)
Missiles
 a - 12 arrows
Armour
 j - a scarf of spirit shield
Scrolls
 e - 3 scrolls of teleportation {unknown}
 f - 4 scrolls of identify {unknown}
 h - a scroll of amnesia {unknown}
 i - 4 scrolls of enchant weapon {unknown}
Potions
 b - a potion of curing {unknown}
 g - 2 potions of might {unknown}
Comestibles
 c - 3 rations


   Skills:
 + Level 1.0 Fighting
 + Level 0.3 Short Blades
 + Level 2.3 Dodging
 + Level 2.0 Stealth
 + Level 3.4 Unarmed Combat
 + Level 2.2 Spellcasting
 + Level 2.4 Transmutations


You had 5 spell levels left.
You knew the following spells:

 Your Spells              Type           Power        Failure   Level  Hunger
a - Beastly Appendage     Tmut           #.....       8%          1    #......

Your spell library contained the following spells:

 Spells                   Type           Power        Failure   Level  Hunger
 Sticks to Snakes         Tmut           #.......     11%         2    ###....
 Spider Form              Tmut/Pois      #.........   36%         3    ###....
 Ice Form                 Ice/Tmut       #.......     77%         4    #####..
 Blade Hands              Tmut           #.........   90%         5    ######.


Dungeon Overview and Level Annotations

Branches:
Dungeon (2/15)

Altars:

Annotations:
D:2 Natasha


Innate Abilities, Weirdness & Mutations

You cannot wear most types of armour.
You are very stealthy in the water. (Stealth+)
You are amphibious.
You can wear up to eight rings at the same time.
You can use your tentacles to constrict eight enemies at once.
Your skin changes colour to match your surroundings (Stealth+).
Your rubbery body absorbs attacks. (AC +1, EV +1)
One of your tentacles bears a large vicious spike.


Message History

You grab the crimson imp. You squeeze the crimson imp.
The crimson imp is moderately wounded.
You constrict the crimson imp.
You lose your grip on the crimson imp.
The crimson imp disappears in a puff of smoke!
Natasha mumbles some strange words.
You hit the giant cockroach. You grab the giant cockroach.
You pierce the giant cockroach, but do no damage.
The giant cockroach is moderately wounded.
You constrict the giant cockroach. The giant cockroach closely misses you.
You hit the giant cockroach but do no damage.
You pierce the giant cockroach.
You kill the giant cockroach!
You hit Natasha. You grab Natasha. You squeeze Natasha, but do no damage.
Natasha is moderately wounded.
Your transformation is almost over.
You constrict Natasha, but do no damage.
The crimson imp blinks!
Natasha casts a spell at you. The magic dart hits you!
You die...

#..###.h.....#.# #..# #..
#5#.##..#.# #..# ....
#.####..#.# #..# ##.. #.#
#..#.# #..#
#...###S####..#.# #..#
#.......s...ยง.#.#####<.#
...##########S#........#
#h#######.## #@# #.# #.#
#.# #.# #.# #.# #.# ###
###


You could see Natasha and an adder.

Vanquished Creatures
  An adder (D:2)
  A dart slug (D:1)
  A leopard gecko (D:2)
  An orc (D:2)
  A bat (D:1)
  A giant cockroach (D:2)
  5 goblins
  8 hobgoblins
  A quokka (D:2)
  A frilled lizard (D:1)
  4 kobolds
  6 rats (D:1)
31 creatures vanquished.

Notes
Turn   | Place    | Note
-------+----------+-------------------------------------------
     0 | D:1      | Velaskes the Octopode Transmuter began the quest for the
                  | Orb.
     0 | D:1      | Reached XP level 1. HP: 13/13 MP: 3/3
   721 | D:1      | Reached XP level 2. HP: 18/18 MP: 3/5
   879 | D:1      | Reached skill level 1 in Stealth
  1320 | D:2      | Reached XP level 3. HP: 20/23 MP: 4/6
  1604 | D:2      | Noticed Natasha
  1635 | D:2      | Killed from afar by Natasha

Skill      XL: |  1  2  3 |
---------------+----------+-----
Stealth        | 1 2 |  2.0
Fighting       | |  1.0
Short Blades   | |  0.3
Dodging        | |  2.3
Unarmed Combat | |  3.4
Spellcasting   | |  2.2
Transmutations | |  2.4

Action                   || total
-------------------------++-------
Melee: Dagger            ||    53
       Constrict         ||    19
       Tentacles         ||    15
       Kick              ||    12
       Unarmed           ||     1
 Cast: Beastly Appendage ||    24
 Stab: Sleeping          ||     6
  Eat: Ration            ||     1
Armor: Skin              ||     3
Dodge: Dodged            ||    27
